Map: Thunderbird LE

Players

IndyKNerazim - Winner!

  • Race: Protoss Protoss
  • Spawn Location: 11:00

SunSet

  • Race: Zerg Zerg
  • Spawn Location: 5:00

Event: 2019 WCS Summer

VOD

Have the link to the VOD?

Description

Time

  • Played on: July 12, 2019, 8:47 a.m.
  • Length: 11:21

All games in this series

Show
View Real Time Build Order
Export as new Build Order

IndyKNerazim Protoss - Winner!

Build Orders: 1 Gate Expand, Oracle Opening, Phoenix Opening, Archon Immortal, Archon Drop 

Get SALT Encoding   

  12  0:01  Probe  
  13  0:13  Probe  
  14  0:19  Pylon  
  14  0:24  Probe  
  15  0:33  Probe  
  15  0:38  Gateway  
  15  0:41  Probe  
  16  0:47  Assimilator  
  17  0:53  Probe  
  18  1:05  Probe  
  19  1:17  Probe  
  20  1:27  Nexus  
  20  1:32  Cybernetics Core  
  20  1:37  Probe  
  21  1:44  Assimilator  
  21  1:49  Probe  
  21  1:53  Pylon  
  22  2:00  Probe  
  22  2:02  Adept  
  22  2:08  Probe  
  26  2:16  Probe  
  26  2:22  Stargate  
  27  2:28  Probe  
  28  2:32  Adept  
  28  2:35  Probe  
  28  2:36  Warp Gate  
  30  2:40  Probe  
  30  2:43  Probe  
  32  2:48  Pylon  
  33  2:52  Probe  
  33  2:54  Probe  
  35  2:59  Phoenix  
  35  3:04  Probe  
  36  3:06  Probe  
  39  3:16  Probe  
  39  3:18  Probe, Gateway  
  41  3:24  Assimilator  
  41  3:26  Oracle  
  41  3:28  Probe  
  41  3:30  Probe  
  41  3:31  Pylon  
  46  3:35  Assimilator  
  46  3:40  Probe x2  
  47  3:46  Robotics Facility  
  48  3:48  Probe  
  48  3:52  Probe  
  50  3:56  Probe  
  50  4:01  Pylon  
  50  4:02  Pylon  
  51  4:04  Probe  
  51  4:08  Probe, Oracle  
  56  4:15  Twilight Council  
  56  4:18  Probe  
  56  4:21  Gateway  
  56  4:22  Probe  
  56  4:23  Gateway  
  58  4:24  Pylon  
  58  4:31  Warp Prism  
  58  4:32  Adept  
  58  4:33  Adept  
  62  4:42  Pylon  
  64  4:51  Templar Archives  
  64  5:02  Probe x2  
  64  5:04  Forge, Zealot  
  68  5:09  Pylon  
  68  5:16  Nexus  
  68  5:22  Probe x2  
  70  5:34  Probe x2  
  70  5:36  Shield Battery  
  70  5:39  Pylon  
  70  5:42  High Templar x4, Gateway  
  70  5:43  Gateway  
  70  5:44  Probe  
  70  5:46  Probe, Archon x2  
  70  5:49  Pylon  
  80  5:52  Probe  
  80  5:53  Protoss Ground Weapons Level 1  
  81  5:59  Probe  
  81  6:01  Probe  
  82  6:05  Immortal  
  87  6:13  Probe  
  87  6:16  Probe, Robotics Facility  
  87  6:18  Assimilator  
  89  6:22  Charge, Assimilator  
  90  6:25  Probe  
  90  6:26  Pylon  
  90  6:28  Probe  
  91  6:33  Immortal  
  91  6:34  Probe, Sentry x2  
  91  6:37  Probe  
  97  6:40  Probe  
  103  6:49  Probe, Pylon  
  103  6:52  Probe  
  103  6:53  Photon Cannon  
  105  6:54  Photon Cannon  
  105  6:57  Photon Cannon  
  104  7:05  Immortal  
  108  7:10  Psionic Storm, Pylon  
  108  7:16  Immortal  
  108  7:22  Phoenix  
  114  7:25  High Templar  
  114  7:28  Photon Cannon  
  116  7:32  Photon Cannon  
  116  7:34  Immortal  
  120  7:45  Photon Cannon  
  120  7:47  Immortal, Shield Battery, High Templar x2  
  124  7:51  Pylon  
  128  8:06  Immortal, Phoenix  
  128  8:10  Probe  
  135  8:21  Immortal  
  135  8:24  Nexus  
  135  8:26  Pylon  
  139  8:32  Pylon  
  139  8:42  Immortal  
  143  8:52  High Templar x2  
  143  8:53  Probe x3  
  143  8:55  Assimilator  
  150  8:56  Immortal  
  150  8:59  Assimilator  
  150  9:02  Photon Cannon  
  154  9:04  Photon Cannon  
  154  9:05  Probe  
  155  9:12  Immortal  
  155  9:20  Probe x2  
  161  9:25  Zealot x2  
  161  9:26  Immortal  
  165  9:36  Probe  
  166  9:51  Observer  
  163  9:56  Probe  
  163  9:59  Probe, Gateway x2  
  165  10:00  Observer  
  165  10:05  Gateway x2  
  166  10:08  High Templar x2  
  166  10:09  Probe, High Templar x3  
  166  10:10  Pylon  
  166  10:11  Pylon  
  177  10:16  Immortal  
  175  10:28  Immortal  
  183  10:29  Zealot  
  183  10:34  Pylon  
  185  10:37  Pylon x2  
  174  10:54  High Templar x4  
  174  10:55  Zealot x4  
  194  11:05  Probe  
  200  11:12  Gateway  
  200  11:14  Gateway, Pylon  
Show
View Real Time Build Order
Export as new Build Order

SunSet Zerg 

Build Orders: Hatch First, Lurkers, Roach Hydra 

Get SALT Encoding   

  12  0:01  Drone  
  13  0:12  Overlord  
  13  0:16  Drone  
  14  0:31  Drone x2  
  14  0:35  Drone  
  17  0:54  Hatchery  
  17  0:56  Drone  
  17  0:59  Drone  
  18  1:10  Extractor  
  17  1:15  Spawning Pool  
  17  1:18  Drone  
  17  1:21  Drone  
  18  1:29  Drone  
  19  1:39  Drone  
  20  1:51  Overlord  
  20  2:02  Queen  
  20  2:06  Zergling x2, Queen  
  20  2:07  Drone  
  26  2:11  Drone  
  26  2:13  Metabolic Boost  
  27  2:17  Drone  
  28  2:25  Drone  
  28  2:27  Drone  
  30  2:40  Hatchery  
  29  2:45  Drone x2  
  29  2:47  Drone  
  29  2:49  Drone  
  33  2:54  Overlord  
  33  3:00  Drone  
  33  3:02  Queen  
  36  3:13  Zergling x10  
  41  3:21  Overlord  
  41  3:22  Drone  
  42  3:30  Overlord  
  42  3:32  Drone  
  42  3:34  Spore Crawler  
  42  3:37  Spore Crawler  
  42  3:38  Queen  
  42  3:40  Drone  
  44  3:44  Drone  
  45  3:52  Queen, Overlord  
  45  3:53  Drone  
  45  3:54  Drone  
  49  3:58  Drone  
  49  3:59  Drone x2  
  49  4:01  Drone  
  52  4:04  Drone x2  
  52  4:06  Drone  
  54  4:11  Lair  
  54  4:20  Overlord  
  54  4:21  Drone  
  55  4:27  Extractor, Roach Warren  
  55  4:28  Drone  
  55  4:29  Drone x3  
  57  4:31  Extractor  
  57  4:32  Drone  
  57  4:33  Spore Crawler  
  57  4:36  Drone  
  57  4:38  Drone  
  58  4:40  Drone x2  
  58  4:41  Drone  
  58  4:42  Drone  
  58  4:43  Drone  
  64  4:45  Drone  
  64  4:47  Drone  
  64  4:48  Drone  
  64  4:49  Drone  
  67  4:53  Overlord  
  67  4:55  Drone x2  
  67  5:00  Overlord  
  67  5:07  Overlord  
  67  5:12  Overlord  
  67  5:13  Roach x3  
  73  5:14  Glial Reconstitution  
  73  5:16  Overlord  
  73  5:18  Drone x2  
  73  5:20  Drone x2  
  77  5:21  Drone  
  77  5:26  Roach x3  
  82  5:32  Roach  
  82  5:33  Roach  
  82  5:35  Roach  
  86  5:41  Roach  
  86  5:42  Roach  
  90  5:43  Overlord  
  90  5:44  Drone  
  90  5:45  Drone  
  92  5:50  Roach  
  92  5:52  Roach  
  96  5:59  Roach x2  
  96  6:00  Roach x2  
  103  6:05  Overlord  
  103  6:07  Roach  
  105  6:13  Roach x2  
  105  6:14  Roach  
  105  6:15  Extractor, Overlord  
  105  6:17  Extractor  
  109  6:22  Drone x2  
  111  6:25  Evolution Chamber  
  111  6:26  Roach x2  
  111  6:29  Hatchery  
  111  6:32  Drone  
  113  6:36  Drone  
  113  6:40  Drone  
  113  6:41  Drone  
  113  6:47  Drone x2  
  116  6:50  Overlord  
  117  6:58  Overlord  
  117  7:00  Roach  
  121  7:01  Roach  
  121  7:05  Zerg Missile Weapons Level 1  
  121  7:06  Hydralisk Den, Overlord  
  121  7:08  Roach  
  122  7:20  Roach x5  
  132  7:24  Overlord  
  132  7:29  Overlord  
  132  7:30  Roach  
  132  7:36  Muscular Augments  
  134  7:37  Lurker Den  
  134  7:43  Hydralisk, Overlord  
  133  7:44  Hydralisk x4  
  143  7:51  Hydralisk  
  143  7:52  Hydralisk x2  
  143  7:55  Drone  
  143  7:56  Drone x4  
  154  8:05  Hydralisk x3  
  156  8:07  Hydralisk  
  156  8:12  Drone x2  
  164  8:13  Drone, Spine Crawler, Overlord  
  164  8:14  Hydralisk, Drone x3  
  164  8:15  Hydralisk, Spine Crawler  
  171  8:20  Drone x3  
  171  8:21  Overlord  
  171  8:25  Overlord  
  171  8:38  Overlord  
  171  8:41  Zergling x16  
  173  8:43  Extractor x2  
  173  8:46  Overlord  
  177  8:49  Hydralisk x4  
  177  8:51  Spine Crawler  
  177  8:52  Spine Crawler  
  177  8:53  Extractor  
  177  8:54  Hatchery  
  177  8:55  Zergling x6  
  184  8:57  Drone  
  184  8:58  Drone x2  
  181  9:12  Grooved Spines  
  181  9:16  Lurker  
  181  9:17  Lurker x2  
  177  9:18  Zergling x22  
  177  9:19  Drone  
  189  9:25  Drone  
  189  9:26  Drone  
  189  9:27  Drone  
  189  9:29  Drone x2  
  194  9:31  Drone  
  194  9:32  Drone  
  194  9:37  Infestation Pit, Hydralisk  
  174  9:47  Hydralisk  
  174  9:50  Overlord  
  174  9:51  Zergling x12  
  175  9:55  Lurker  
  175  9:56  Lurker x3  
  179  10:06  Zergling x2  
  179  10:07  Drone, Overlord  
  179  10:08  Drone x2  
  179  10:09  Drone x3  
  185  10:15  Drone  
  182  10:27  Hydralisk x6  
  189  10:32  Drone x5  
  189  10:33  Zergling x4  
  196  10:36  Overlord  
  196  10:42  Hydralisk  
  171  10:43  Hydralisk  
  133  10:51  Hydralisk x5  
  133  10:54  Hydralisk  
  142  10:57  Hydralisk x3, Drone x2  
  142  10:58  Drone  
  142  11:01  Drone  
  146  11:04  Drone  
  146  11:05  Drone  
  146  11:06  Drone x3  
  152  11:11  Lurker  
  152  11:12  Lurker x2  
Tags
 
Add a new tag
Caveats
  • Supply blocks, unpowered buildings, or Contaminate may cause inaccurate times.
  • Supply counts are checked every 10 seconds.